[Event "*** MasterClass Titled Tuesday Blitz"]
[Site "Chess.com"]
[Date "2017.07.04"]
[Round "9"]
[White "TregubovP"]
[Black "Gabrielian_Artur"]
[Result "1/2-1/2"]
[WhiteElo "2441"]
[BlackElo "2568"]
[TimeControl "180+2"]
[EndTime "15:06:35 PDT"]
[Termination "Game drawn by repetition"]

1. d4 Nf6 2. c4 c5 3. d5 e6 4.
Nc3 exd5 5. cxd5 d6 6. Nf3 g6 7. Bf4 Bg7 8. h3 O-O 9. e3 Re8 10. Nd2 Nbd7 11. Nc4 Ne4 12. Nxe4 Rxe4 13. Bd3 Rxf4 14.
exf4 b5 15. Ne3 Bxb2 16. O-O Bxa1 17. Qxa1 c4 18. Be2 Qf6 19. a4 Qxa1 20. Rxa1 Ba6 21. axb5 Bxb5 22. Bxc4 Bxc4 23. Nxc4 Nf6 24. Ra5 Rc8 25.
Nxd6 Rd8 26. Nc4 Rxd5 27. Rxa7 Rd1+ 28. Kh2 Rd4 29. Ne5 Rxf4 30. Nxf7 Rxf2 31. Nh6+ Kh8 32. Rf7 Ne4 33. Re7 Nf6 34. Kg1 Ra2 35. g4 Ra8 36. g5 Ng8 37. Nf7+ Kg7 38. Rb7 Kf8 39. Ne5 Ne7 40. Nd7+ Kf7 41. Nf6 h5 42. Nd5 Re8 43.
Kg2 Kf8 44. Nf4 Ra8 45. Kf3 Ra3+ 46. Ke4 Ra4+ 47. Kf3 Ra3+ 48. Ke4 Ra4+ 49. Kf3 Ra3+ 50. Ke4 Ra4+ 1/2-1/2

[Event "*** MasterClass Titled Tuesday Blitz"]
[Site "Chess.com"]
[Date "2017.07.04"]
[Round "9"]
[White "Rating-Schmating"]
[Black "AndrewDGreen"]
[Result "0-1"]
[WhiteElo "2217"]
[BlackElo "2195"]
[TimeControl "180+2"]
[EndTime "15:06:41 PDT"]
[Termination "AndrewDGreen won by checkmate"]

1. e4 Nf6 2. e5 Nd5 3. c4 Nb6 4. a4 a5 5. d4 d6 6. exd6 exd6 7. Nc3 Be7 8. g3 O-O 9. Bg2 Nc6 10. Nge2 Bf6 11.
b3 Bf5 12. Bb2 Re8 13. O-O Qd7 14. Nd5 Nxd5 15. Bxd5 Re7 16. Bg2 Rae8 17. Nf4 Nb4 18. Nd5 Nxd5 19. Bxd5 Be4 20. Bxe4 Rxe4 21. Qd3 Qe7 22. Rad1 h5 23. Rd2 h4 24. d5 Bxb2 25. Rxb2 Qe5 26. Rd2 h3 27. f4 Qh5 28. Qf3 Qg6 29.
Rdf2 Re3 30. Qd1 Qe4 31. Rf3 Re2 32. Qd3 Qe7 33. R3f2 Re3 34. Qd2 Qe4 35. Qxa5 b6 36.
Qd2 g6 37. f5 g5 38. f6 Kh7 39.
b4 Rh8 40. Qc2 Re8 41. Qxe4+ R8xe4 42. Rc2 Ra3 43. Rf5 Kg6 44. Rf1 Rxa4 45. Rb1 Ra3 46. Kf2 g4 47. Re2 Rf3+ 48. Ke1 Rxc4 49. Re7 Rxf6 50.
Rb3 Rf5 51. Rbe3 f6 52. Re8 Rxb4 53. Rg8+ Kf7 54. Ree8 Re5+ 55. Rxe5 fxe5 56. Ke2 Kxg8 57. Ke3 Rb5 58. Kd3 Rc5 59. Ke4 Kf7 60. Kf5 Rxd5 61. Kxg4 Rd4+ 62. Kxh3 b5 63. g4 b4 64.
g5 b3 65. g6+ Kxg6 66. Kg3 b2 67. h4 b1=Q 68. h5+ Kg5 69. Kf2 Qb2+ 70. Ke3 Qc3+ 71.
Ke2 Rd2+ 72. Ke1 Qc1# 0-1

[Event "*** MasterClass Titled Tuesday Blitz"]
[Site "Chess.com"]
[Date "2017.07.04"]
[Round "9"]
[White "GMKrikor"]
[Black "spirals5"]
[Result "1-0"]
[WhiteElo "2471"]
[BlackElo "2379"]
[TimeControl "180+2"]
[EndTime "15:07:01 PDT"]
[Termination "GMKrikor won by resignation"]

1. e4 c5 2. Nf3 d6 3. d4 cxd4 4. Nxd4 Nf6 5. Nc3 a6 6. Be3 e5 7. Nb3 Be6 8. f4 Qc7 9. f5 Bc4 10. g4 h6 11. Qf3 Nbd7 12. h4 b5 13. a3 h5 14. g5 Ng4 15. Bxc4 bxc4 16. Nd2 Rb8 17.
Rb1 Nb6 18. Bxb6 Qxb6 19. Nxc4 Qc5 20. b3 Be7 21. Rd1 O-O 22. Nd5 Rfe8 23. Kf1 Bf8 24. Kg2 a5 25. a4 Rb4 26. Nxb4 Qxb4 27. Rd5 Qb7 28. Rhd1 Qc7 29. Qe2 Rc8 30. Rxa5 d5 31. Raxd5 Bb4 32. Rd7 Qc5 33. Rd8+ Rxd8 34. Rxd8+ Kh7 35.
Rd5 Qc7 36. a5 Bc3 37. Rd3 Bd4 38. c3 Ba7 39. Rd5 Qc6 40. b4 Qc7 41. b5 Bb8 42. b6 Qb7 43. Ne3 Nxe3+ 44. Qxe3 Qc6 45.
Qe2 g6 46. fxg6+ Qxg6 47. Qf3 Bd6 48. Qf5 Kg7 49. Qxg6+ 1-0

[Event "*** MasterClass Titled Tuesday Blitz"]
[Site "Chess.com"]
[Date "2017.07.04"]
[Round "9"]
[White "Muisback26"]
[Black "OparinGrigoriy"]
[Result "1/2-1/2"]
[WhiteElo "2602"]
[BlackElo "2747"]
[TimeControl "180+2"]
[EndTime "15:07:10 PDT"]
[Termination "Game drawn by repetition"]

1. e4 c5 2. Nf3 Nc6 3. Bb5 d6 4. O-O Bd7 5. Re1 Nf6 6. c3 a6 7. Bc4 Bg4 8. d4 cxd4 9. cxd4 Rc8 10. Be2 e5 11. d5 Bxf3 12. Bxf3 Nd4 13. Nc3 Be7 14. Be3 Nxf3+ 15. Qxf3 O-O 16. h3 Nd7 17. Rec1 Bg5 18. Ne2 Bxe3 19. Qxe3 Qa5 20. a3 Qb6 21. Qxb6 Nxb6 22. b3 Nd7 23. f3 g6 24. Kf2 f5 25.
Ke3 Kf7 26. Rxc8 Rxc8 27. Rc1 Rxc1 28. Nxc1 Nc5 29. b4 Na4 30. Nb3 b6 31. Nd2 Nb2 32. exf5 gxf5 33. g4 Kf6 34. gxf5 Kxf5 35. Ne4 Nc4+ 36.
Kd3 b5 37. a4 Kf4 38. axb5 axb5 39. Nc3 Nb6 40. Ke2 h5 41. Kf2 h4 42. Ne2+ Kf5 43.
Nc3 Kf4 44. Ne2+ Kg5 45. Nc3 Kf4 46. Ne2+ 1/2-1/2

[Event "*** MasterClass Titled Tuesday Blitz"]
[Site "Chess.com"]
[Date "2017.07.04"]
[Round "9"]
[White "BilodeauA"]
[Black "Noukii"]
[Result "1-0"]
[WhiteElo "2634"]
[BlackElo "2591"]
[TimeControl "180+2"]
[EndTime "15:07:15 PDT"]
[Termination "BilodeauA won by resignation"]

1. e4 Nf6 2. e5 Nd5 3. d4 d6 4.
Nf3 g6 5. Bc4 Nb6 6. Bb3 Bg7 7.
Ng5 e6 8. O-O h6 9. Nf3 Nc6 10. exd6 cxd6 11. c3 O-O 12. Nbd2 e5 13. dxe5 dxe5 14. Ne4 Na5 15. Bc2 f5 16. Nc5 Qe7 17.
b4 Nac4 18. Bb3 Be6 19. a4 Bf7 20. a5 Nc8 21. Qe2 N8d6 22. Rd1 b6 23. Nd3 Rac8 24.
axb6 axb6 25. Nf4 Qb7 26. Nxg6 Bxg6 27. Rxd6 Bf7 28. Rd1 b5 29. Nh4 Be6 30. Ng6 Rfe8 31. Qh5 Qf7 32. Bxh6 Kh7 33. Be3+ Kg8 34. Ra7 Rc7 35.
Rxc7 Qxc7 36. Nxe5 Rd8 37. Nxc4 bxc4 38. Bc2 Rxd1+ 39.
Qxd1 Bxc3 40. b5 Be5 41. b6 Qc6 42. Qd8+ Kf7 43. Bh6 Qd5 44. Qxd5 Bxd5 45. Bxf5 c3 46. Bc2 Ke6 47. Be3 Kd6 48. h4 Kc6 49. h5 Kb5 50. h6 Kb4 51. h7 Ka3 52. Bc1+ Ka2 53. g4 1-0

[Event "*** MasterClass Titled Tuesday Blitz"]
[Site "Chess.com"]
[Date "2017.07.04"]
[Round "9"]
[White "FearlessKing64"]
[Black "charlescandycampbell"]
[Result "1-0"]
[WhiteElo "2189"]
[BlackElo "2110"]
[TimeControl "180+2"]
[EndTime "15:07:25 PDT"]
[Termination "FearlessKing64 won by resignation"]

1. e4 c6 2. d4 d5 3. exd5 cxd5 4. c4 Nf6 5. Nc3 g6 6. cxd5 Bg7 7. Bb5+ Nbd7 8. d6 exd6 9. Qe2+ Qe7 10. Bf4 Qxe2+ 11. Bxe2 d5 12. Bf3 Nb6 13. Bc7 O-O 14. Bxb6 axb6 15. Nge2 Re8 16. O-O Bg4 17. Bxg4 Nxg4 18.
Rfd1 Nf6 19. Nf4 Rad8 20. a4 g5 21. Nfe2 Ne4 22. Ra3 Nd6 23. Rb3 Nc4 24. Kf1 Re6 25. Rb4 Rc6 26. g4 Bf8 27. Rb5 Rcd6 28. Ng3 Rf6 29. Nf5 h5 30. h3 hxg4 31. hxg4 Kh7 32.
Nxd5 Re6 33. Nde3 Nxe3+ 34. fxe3 Kg6 35. Ke2 Re4 36. Kf3 Rde8 37. Rxb6+ f6 38. Rd3 R8e7 39. Rdb3 Re8 40. Rxb7 R4e6 41. Rb8 Rxb8 42. Rxb8 Kf7 43. b4 Ra6 44. a5 Bd6 45. Rb7+ Ke6 46. Nxd6 Kxd6 47.
Rb6+ Rxb6 48. axb6 Kc6 49. Ke4 Kxb6 50. Kf5 Kb5 51.
Kxf6 Kxb4 52. Kxg5 Kc4 53. Kf4 Kd5 54. g5 Ke6 55. e4 Kf7 56. Kf5 Ke7 57. d5 Kf8 58. e5 Kf7 59. g6+ Ke7 60. e6 Kf8 61. Ke5 Kg7 62.
e7 Kxg6 63. e8=Q+ Kg5 64. Qf7 Kg4 65. d6 Kg3 66. d7 Kg2 67. d8=Q 1-0

[Event "*** MasterClass Titled Tuesday Blitz"]
[Site "Chess.com"]
[Date "2017.07.04"]
[Round "9"]
[White "stuffings101"]
[Black "Me_ch_an"]
[Result "1-0"]
[WhiteElo "2199"]
[BlackElo "2235"]
[TimeControl "180+2"]
[EndTime "15:07:31 PDT"]
[Termination "stuffings101 won on time"]

1. e4 c5 2. Nf3 e6 3. d3 d5 4. Nbd2 Nf6 5. g3 Nc6 6. Bg2 Bd6 7. O-O d4 8. Nc4 e5 9. a4 Bg4 10. h3 Bxf3 11. Qxf3 O-O 12. h4 a6 13. a5 h6 14.
Bh3 Bc7 15. Bd2 Ne8 16. Qg4 Kh8 17. f4 Nd6 18. Nxe5 Nxa5 19. b3 Nc6 20. Nxc6 bxc6 21.
e5 Nc8 22. Qh5 Ne7 23. Bg2 Kh7 24. Be4+ g6 25. Qf3 Nd5 26. h5 Kg7 27. hxg6 fxg6 28. Kg2 Qe8 29. Rh1 Rd8 30. Rxa6 Bxe5 31. Ra7+ Rd7 32.
Rha1 Ne3+ 33. Bxe3 dxe3 34. Bxc6 Bxa1 35. Bxd7 Qb8 36.
Rb7 Qd6 37. Qxe3 Rf7 38. Qe8 Bd4 39. Rb8 Qd5+ 40. Kh2 Kf6 41. Qh8+ Ke7 42. Qd8+ Kd6 43. Be8+ Ke6 44. Bxf7+ Kxf7 45. Qxd5+ Kf6 46. Rb7 1-0

[Event "*** MasterClass Titled Tuesday Blitz"]
[Site "Chess.com"]
[Date "2017.07.04"]
[Round "9"]
[White "kleinebeer98"]
[Black "Blitzstream"]
[Result "1-0"]
[WhiteElo "2459"]
[BlackElo "2442"]
[TimeControl "180+2"]
[EndTime "15:07:38 PDT"]
[Termination "kleinebeer98 won by resignation"]

1. e4 e5 2. Qh5 Nc6 3. Bc4 g6 4. Qf3 Nf6 5. Ne2 Bg7 6. Nbc3 O-O 7. d3 d6 8. h3 Be6 9. Bg5 h6 10. Be3 Kh7 11. O-O-O b5 12. Bxb5 Ne7 13. g4 c6 14.
Ba4 d5 15. d4 dxe4 16. Qg3 Qa5 17. g5 Nfd5 18. gxh6 Bh8 19. Nxe4 Qxa4 20. Ng5+ Kg8 21. h7+ Kg7 22. Qxe5+ f6 23. Nxe6+ Kf7 24. Nc5 Qxa2 25.
Qe6+ Kg7 26. Nf4 Rae8 27. Rhg1 Nxf4 28. Qxa2 Ne2+ 29. Kb1 Nxg1 30. Rxg1 Nd5 31. Qxa7+ Re7 32. Bh6+ Kxh6 33. Qa6 Rb8 34. Kc1 Nb4 35. Qa3 Re2 36. Nd3 Rxc2+ 37. Kd1 Rc4 38. Rg4 f5 39. Rh4+ Kg5 40.
Ne5 Bxe5 41. dxe5 Rxh4 42. Qg3+ Kh5 43. f4 Rd8+ 44. Ke2 Rg4 45. hxg4+ Kh6 46. Qh2+ Kg7 47. gxf5 gxf5 48. Qg3+ Kxh7 49. Qh4+ Kg6 50. Qxd8 Nd5 51. Qg5+ Kf7 52. Qxf5+ Ke7 53. e6 Nc7 54. Qf7+ Kd6 55.
Qd7+ 1-0

[Event "*** MasterClass Titled Tuesday Blitz"]
[Site "Chess.com"]
[Date "2017.07.04"]
[Round "9"]
[White "Cryptochess"]
[Black "Elshan1985"]
[Result "1/2-1/2"]
[WhiteElo "2508"]
[BlackElo "2632"]
[TimeControl "180+2"]
[EndTime "15:07:42 PDT"]
[Termination "Game drawn by repetition"]

1. e4 c5 2. Nc3 a6 3. g3 g6 4. Bg2 Bg7 5. d3 Nc6 6. Be3 d6 7. Qd2 e5 8. Nge2 Nge7 9. O-O O-O 10. f4 Nd4 11. Rf2 f6 12. Raf1 Be6 13. fxe5 dxe5 14.
Bh6 Qd6 15. Nd1 Nxe2+ 16. Rxe2 Bg4 17. Bxg7 Kxg7 18. Ref2 Bxd1 19. Qxd1 Rf7 20. Bh3 Raf8 21. Qg4 Nc6 22. Qe6 Qxe6 23. Bxe6 Rc7 24. c3 Ne7 25. g4 Rc6 26. Bd5 Rd6 27. c4 b5 28. h4 b4 29.
Kg2 h6 30. Kg3 g5 31. hxg5 hxg5 32. Rh1 Rh8 33. Rxh8 Kxh8 34. Kf3 Kg7 35. Ke3 Ng6 36. Rf1 Nf4 37. Ra1 Rb6 38. Kd2 a5 39. Kc2 a4 40. a3 Ne2 41. axb4 Rxb4 42. Ra2 Nd4+ 43. Kd2 Kf8 44. Kc3 Ke7 45. Kd2 Kd6 46. Bf7 Kd7 47. Kc3 Ke7 48. Bg6 Kd8 49. Kd2 Ne6 50. Kc3 Nf4 51. Bf5 Kc7 52. Kc2 Kc6 53. Ra1 Kb6 54. Rh1 Rb3 55. Rh6 Nxd3 56. Rxf6+ Ka5 57. Rf8 Nxb2 58.
Ra8+ Kb4 59. Bd7 Rd3 60. Bxa4 Ra3 61. Kxb2 Rxa4 62. Re8 Kxc4 63. Rxe5 Kd4 64. Rxg5 c4 65. Rg8 c3+ 66. Kc1 Ra1+ 67. Kc2 Ra2+ 68. Kc1 Kd3 69. Rd8+ Kxe4 70. g5 Rg2 71. Rc8 Kd3 72. Rd8+ Kc4 73.
Rc8+ Kd3 74. Rd8+ Kc4 75. Rc8+ Kd3 1/2-1/2

[Event "*** MasterClass Titled Tuesday Blitz"]
[Site "Chess.com"]
[Date "2017.07.04"]
[Round "9"]
[White "Adham_Fawzy"]
[Black "viggi38"]
[Result "1-0"]
[WhiteElo "2431"]
[BlackElo "2255"]
[TimeControl "180+2"]
[EndTime "15:07:50 PDT"]
[Termination "Adham_Fawzy won by resignation"]

1. e4 d5 2. exd5 Qxd5 3. Nc3 Qd6 4. g3 c6 5. Bg2 Nf6 6. Nge2 Bf5 7. O-O e6 8. d3 Qc7 9. h3 Nbd7 10. Rb1 a5 11. a3 a4 12. g4 Bg6 13. f4 Bd6 14. Ng3 h5 15. g5 Nd5 16. Nce2 Qb6+ 17. Kh1 h4 18. Ne4 Be7 19. b3 Ne3 20. Bxe3 Qxe3 21. bxa4 Qa7 22. Qd2 Nc5 23. N2c3 Kf8 24. Bf3 Qa5 25. Qe2 Nxa4 26. Nxa4 Qxa4 27. Rxb7 Bxa3 28.
Bg4 Qd4 29. f5 exf5 30. Bxf5 Bh5 31. Bg4 Bg6 32. Be6 Ra7 33. Rxa7 Qxa7 34. Bxf7 Bxf7 35.
g6 Qb8 36. Rxf7+ Kg8 37. Qg4 Rh6 38. Qe6 Kh8 39. Kg2 Bb4 40. Kf3 Qg8 41. Kg4 c5 42.
Ng5 c4 43. Qxc4 Bd2 44. Rf8 Qxf8 45. Nf7+ Qxf7 46. gxf7 Rf6 47. Qc8+ Kh7 48. Qe8 1-0

[Event "*** MasterClass Titled Tuesday Blitz"]
[Site "Chess.com"]
[Date "2017.07.04"]
[Round "9"]
[White "dolynachess"]
[Black "scrapnel"]
[Result "0-1"]
[WhiteElo "2343"]
[BlackElo "2535"]
[TimeControl "180+2"]
[EndTime "15:07:55 PDT"]
[Termination "scrapnel won by checkmate"]

1. c4 e5 2. e3 Nf6 3. Nc3 Nc6 4.
d4 exd4 5. exd4 Bb4 6. Nf3 O-O 7. Be2 d5 8. O-O dxc4 9. Bxc4 Bg4 10. Be3 Ne7 11.
h3 Bh5 12. Bg5 Qd6 13. a3 Bxc3 14. bxc3 Ned5 15. Qd3 Bg6 16. Qd1 Nxc3 17. Qb3 Nfe4 18. Be3 b5 19. Bd3 Nd5 20. Rfc1 c6 21. Ne5 Nxe3 22.
fxe3 c5 23. Nxg6 c4 24. Qxb5 cxd3 25. Ne5 d2 26. Rd1 Nc3 27. Qd3 Nxd1 28. Rxd1 Rac8 29.
Rxd2 Rc1+ 30. Kf2 Qf6+ 31. Nf3 Rfc8 32. Qb3 R1c3 33. Qb7 a5 34. a4 h6 35. e4 Qf4 36.
Re2 Rc1 37. e5 R8c3 38. Qa8+ Kh7 39. Qxa5 Rxf3+ 40. gxf3 Qh2+ 41. Ke3 Qg1+ 42. Ke4 Qg6+ 43. Ke3 Qg5+ 44. Ke4 Qg6+ 45. Ke3 Ra1 46. Qc3 Qg1+ 47. Ke4 Rxa4 48. Qd3 Qa1 49. Ke3+ g6 50. Rc2 Ra3 51. Qxa3 Qxa3+ 52. Ke4 Qb3 53. Rc5 Qb1+ 54. Ke3 Qe1+ 55.
Kf4 g5+ 56. Kf5 Qe3 57. Kg4 Qf4+ 58. Kh5 Qh4# 0-1

[Event "*** MasterClass Titled Tuesday Blitz"]
[Site "Chess.com"]
[Date "2017.07.04"]
[Round "9"]
[White "MITerryble"]
[Black "Keranke"]
[Result "1/2-1/2"]
[WhiteElo "2655"]
[BlackElo "2654"]
[TimeControl "180+2"]
[EndTime "15:07:57 PDT"]
[Termination "Game drawn by repetition"]

1. d4 g6 2. Nf3 Bg7 3. e4 d6 4.
Bc4 Nf6 5. Qe2 O-O 6. O-O Nc6 7.
c3 e5 8. dxe5 Nxe5 9. Nxe5 dxe5 10. f3 Nh5 11. g3 c6 12. Be3 Qe7 13. a4 Kh8 14. b4 b6 15. a5 Rb8 16. axb6 axb6 17. Nd2 f5 18. exf5 gxf5 19. Bf2 Nf6 20.
Rfe1 Nd5 21. Rac1 Be6 22. Bb3 Qg5 23. Kh1 Rbe8 24. Nc4 e4 25. f4 Qh6 26. Qd2 b5 27.
Nd6 Rd8 28. Nb7 Rde8 29. Bxd5 e3 30. Bxe3 Bxd5+ 31. Kg1 Qh5 32. Qf2 Re7 33. Nd6 Ra8 34. Bd4 Rd7 35. Bxg7+ Rxg7 36. Re2 Rxg3+ 37. Qxg3 Qxe2 38.
Re1 Qd2 39. Re8+ Rxe8 40. Nxe8 Qd1+ 41. Kf2 Qd2+ 42. Kg1 Qd1+ 43. Kf2 Qc2+ 44. Kg1 Qc1+ 45. Kf2 Qd2+ 46. Kg1 Qd1+ 47. Kf2 Qd2+ 48. Kg1 Qc1+ 49. Kf2 Qc2+ 50. Kg1 Qb1+ 51. Kf2 Qa2+ 52. Ke3 Qa7+ 53. Kd2 Qa2+ 54. Ke3 Qa7+ 55. Kd2 Qa2+ 56. Ke3 Qa7+ 57. Kd2 Qa2+ 58. Ke3 Qa7+ 59. Kd2 Qa2+ 60. Ke3 1/2-1/2

[Event "*** MasterClass Titled Tuesday Blitz"]
[Site "Chess.com"]
[Date "2017.07.04"]
[Round "9"]
[White "DrVelja"]
[Black "Zufi1811"]
[Result "1-0"]
[WhiteElo "2559"]
[BlackElo "2388"]
[TimeControl "180+2"]
[EndTime "15:08:47 PDT"]
[Termination "DrVelja won on time"]

1. e4 c5 2. Nf3 d6 3. d4 cxd4 4. Nxd4 Nf6 5. Nc3 a6 6. Bc4 e6 7. Bb3 b5 8. Bg5 Be7 9. Qf3 Qb6 10. O-O-O O-O 11. Rhe1 Nbd7 12. Qg3 Nc5 13. Nf5 Nxb3+ 14. axb3 exf5 15. Bxf6 Bxf6 16. Rxd6 Qb8 17. Nd5 Bg5+ 18.
Kb1 f4 19. Qxg5 Qxd6 20. Rd1 Ra7 21. e5 Qe6 22. Nf6+ Kh8 23. Nh5 f6 24. exf6 gxf6 25. Qxf4 Qg4 26. Rd8 Rxd8 27. Qxf6+ Kg8 28. Qxd8+ Kf7 29. Qf6+ Ke8 30. Qh8+ Ke7 31. Qxh7+ Kd6 32. Qxa7 Qxh5 33. Qd4+ Kc6 34. Qe4+ Kb6 35. h3 Qd1+ 36. Ka2 Bb7 37. Qe3+ Kc7 38. Qc3+ Kb8 39. g4 Qd6 40. Qe3 b4 41. f4 a5 42. g5 Bd5 43. f5 Kb7 44. h4 a4 45. Kb1 axb3 46. cxb3 Qc6 47.
Qe7+ Kc8 48. Qxb4 Be4+ 49. Ka2 Qa6+ 50. Qa4 Qxa4+ 51. bxa4 Bxf5 52. b4 Bg6 53. Kb3 Kb7 54. b5 Bh5 55. Kb4 Be8 56. a5 Ka7 57. Kc5 Kb7 58.
Kd6 Bxb5 59. h5 1-0

[Event "*** MasterClass Titled Tuesday Blitz"]
[Site "Chess.com"]
[Date "2017.07.04"]
[Round "9"]
[White "AdrianaNikolova"]
[Black "ruvat"]
[Result "1/2-1/2"]
[WhiteElo "2307"]
[BlackElo "2272"]
[TimeControl "180+2"]
[EndTime "15:08:48 PDT"]
[Termination "Game drawn - insufficient material"]

1. e4 d6 2. d4 Nf6 3. Nc3 g6 4. Be3 Bg7 5. h3 O-O 6. Qd2 c6 7. a4 Nbd7 8. Nge2 e5 9. g4 d5 10.
exd5 Nxd5 11. Nxd5 cxd5 12. Bg2 e4 13. O-O f5 14.
Bg5 Nf6 15. gxf5 Bxf5 16. Ng3 Qd7 17. Kh2 Rae8 18. Rae1 Kh8 19. Bh6 Bxh6 20. Qxh6 Qd6 21. Kg1 Bd7 22. Qg5 Ng8 23. c4 h6 24. Qxd5 Qxd5 25. cxd5 Bxa4 26. Rxe4 Nf6 27. Rxe8 Rxe8 28. Rc1 Rd8 29. Rc7 Rd7 30. Rxd7 Bxd7 31. d6 b6 32. Ne4 Kg7 33. Kh2 Nxe4 34. Bxe4 g5 35. Kg3 Kf6 36. Bd5 a5 37. h4 b5 38.
hxg5+ hxg5 39. f4 a4 40. fxg5+ Kxg5 41. Kf3 Kf6 42. Ke3 b4 43. Kd3 Bb5+ 44. Kc2 Bd7 45. Kd2 Bb5 46. Kc2 Bd7 47. Bc4 Bc6 48. Kd3 Bd7 49.
Ke4 Bc6+ 50. Kd3 Bd7 51. Ke4 Bc6+ 52. d5 Bd7 53. Kd4 a3 54. bxa3 bxa3 55. Kc5 Ke5 56. Ba2 Be8 57. Bb3 Bd7 58. Kb4 Kxd6 59. Kxa3 Kc5 60.
Kb2 Bf5 61. Kc3 Be4 62. Bc4 Bxd5 1/2-1/2

[Event "*** MasterClass Titled Tuesday Blitz"]
[Site "Chess.com"]
[Date "2017.07.04"]
[Round "9"]
[White "Tonychess32"]
[Black "abubakrtagelsir"]
[Result "0-1"]
[WhiteElo "2433"]
[BlackElo "2189"]
[TimeControl "180+2"]
[EndTime "15:08:52 PDT"]
[Termination "abubakrtagelsir won by resignation"]

1. e4 d6 2. Nf3 Nf6 3. Nc3 g6 4. d4 Bg7 5. Be2 O-O 6. O-O Nc6 7. h3 e5 8. d5 Ne7 9. Nd2 c6 10. dxc6 bxc6 11. b3 d5 12. Ba3 Re8 13. Bd3 Be6 14. Na4 Nd7 15. c4 Rc8 16. Qc2 d4 17. c5 Kh8 18.
Nb2 Qa5 19. Nbc4 Qa6 20. Nd6 Qxa3 21. f4 exf4 22. Rac1 Rf8 23. Nxc8 Nxc8 24. Rxf4 Bh6 25. Rf3 Ne5 26. Rff1 Ne7 27. Kh1 Nd7 28. Bc4 Nxc5 29. Bxe6 Nxe6 30. Nc4 Qa6 31. Rcd1 Bg7 32. Rf3 c5 33. e5 Nf5 34. Kh2 Qc6 35. Rdf1 Qd5 36. Re1 Nh4 37. Rff1 Nf5 38. g3 h5 39. Qd3 h4 40. gxh4 Nxh4 41. Re4 Nf5 42. h4 Kg8 43. h5 Ng5 44. Rxf5 Qxe4 45. Qxe4 Nxe4 46. Rf3 gxh5 47. Rh3 Re8 48. Rxh5 d3 49. Kg2 d2 50. Rh1 Rd8 51.
Kf3 Nc3 52. Nxd2 Rxd2 53. Ke3 Rxa2 54. e6 fxe6 55. Kf4 Rb2 56. Ra1 Nb5 57. Ra6 Rxb3 58.
Rxe6 Rb4+ 59. Kg5 Kf7 60. Rc6 Bd4 61. Kf5 Ke7 62. Re6+ Kd7 63. Rh6 a5 64. Rh7+ Kd6 65. Rh6+ Kd5 66. Rh7 a4 67. Rd7+ Kc4 68. Ke4 a3 69. Ra7 Nxa7 0-1

[Event "*** MasterClass Titled Tuesday Blitz"]
[Site "Chess.com"]
[Date "2017.07.04"]
[Round "9"]
[White "ulises2013"]
[Black "Rokis13"]
[Result "0-1"]
[WhiteElo "2293"]
[BlackElo "2347"]
[TimeControl "180+2"]
[EndTime "15:09:20 PDT"]
[Termination "Rokis13 won by resignation"]

1. e4 e5 2. Nf3 Nc6 3. Bc4 Bc5 4. c3 Nf6 5. d4 exd4 6. cxd4 Bb4+ 7. Bd2 Bxd2+ 8.
Nbxd2 d5 9. exd5 Nxd5 10. Qb3 Na5 11. Qa4+ c6 12. Bxd5 Qxd5 13. Rc1 b6 14. b4 Nb7 15. Qxc6+ Qxc6 16. Rxc6 O-O 17. O-O Be6 18. a3 h6 19.
Rfc1 Rfd8 20. Rc7 Nd6 21. a4 Nf5 22. a5 bxa5 23. bxa5 Nxd4 24. Nxd4 Rxd4 25. Nf3 Ra4 26. R7c5 Rb8 27. Ne5 Rb2 28. Nc6 Raa2 29. Rf1 a6 30.
Nd4 Bd7 31. Rd5 Bb5 32. Nxb5 Rxb5 33. Rxb5 axb5 34. Rb1 Rxa5 35. Kf1 Kf8 36. Ke2 Ke7 37. Kd3 Kd6 38. Kd4 Ra4+ 39. Kd3 Kd5 40. Rxb5+ Ke6 41.
g3 Ra3+ 42. Ke2 f6 43. h4 g5 44. h5 Ra1 45. Kf3 Ra6 46. Rb8 f5 47. Rh8 Ke5 48. Re8+ Kf6 49. Rb8 g4+ 50. Kg2 Kg5 51. Rb5 Rf6 52.
f4+ Kxh5 53. Rc5 Kg6 54. Rb5 Rd6 55. Rb2 h5 56. Re2 h4 57. Rb2 hxg3 58. Kxg3 Rd3+ 59.
Kg2 Rf3 60. Rb4 Kh5 61. Rc4 Kg6 62. Rb4 Kf6 63. Ra4 Ke6 64. Rb4 Kd5 65. Ra4 Rd3 66.
Ra5+ Ke4 67. Ra4+ Rd4 68. Ra2 Kxf4 69. Rf2+ Kg5 70. Ra2 Re4 71. Rb2 Re5 72. Rb8 Ra5 73. Rb2 f4 74. Rc2 Kh4 75. Rc8 Ra2+ 76. Kf1 Kg3 77.
Rc3+ f3 78. Rc1 Rh2 79. Kg1 f2+ 0-1

[Event "*** MasterClass Titled Tuesday Blitz"]
[Site "Chess.com"]
[Date "2017.07.04"]
[Round "10"]
[White "Godzillator"]
[Black "kleinebeer98"]
[Result "0-1"]
[WhiteElo "2294"]
[BlackElo "2464"]
[TimeControl "180+2"]
[EndTime "15:12:23 PDT"]
[Termination "kleinebeer98 won by resignation"]

1. d4 Nf6 2. c4 e6 3. Nc3 Bb4 4. Qc2 O-O 5. a3 Bxc3+ 6. Qxc3 b6 7. Bg5 Bb7 8. e3 h6 9. Bh4 d6 10. f3 Nbd7 11. Bd3 Re8 12. Ne2 e5 13. Bf5 exd4 14.
exd4 Qe7 15. Qd3 Nf8 16. Rd1 g6 17. Bh3 g5 18. Bf2 Ng6 19. g3 Qxe2+ 20. Qxe2 Bxf3 21. Qxe8+ Rxe8+ 22. Kd2 Re2+ 23. Kd3 Rxf2 24. Rhf1 Be2+ 25. Ke3 Rxf1 0-1

[Event "*** MasterClass Titled Tuesday Blitz"]
[Site "Chess.com"]
[Date "2017.07.04"]
[Round "10"]
[White "ehrenfeld"]
[Black "Rodalquilar"]
[Result "1/2-1/2"]
[WhiteElo "2410"]
[BlackElo "2514"]
[TimeControl "180+2"]
[EndTime "15:12:56 PDT"]
[Termination "Game drawn by repetition"]

1. e4 e5 2. Nc3 Nf6 3. f4 d5 4. fxe5 Nxe4 5. Qf3 Nxc3 6. bxc3 Be7 7. d4 O-O 8. Bd3 c5 9. Ne2 c4 10. Bf5 Be6 11. O-O Qd7 12. Rb1 g6 13. Bxe6 fxe6 14. Qg4 Rxf1+ 15. Kxf1 Nc6 16. Nf4 Rf8 17. Kg1 Nd8 18.
Nxg6 hxg6 19. Qxg6+ Kh8 20. Qh6+ Kg8 21. Qg6+ Kh8 22.
Qh6+ Kg8 23. Qg6+ Kh8 24. Qh6+ Kg8 1/2-1/2

[Event "*** MasterClass Titled Tuesday Blitz"]
[Site "Chess.com"]
[Date "2017.07.04"]
[Round "10"]
[White "peteseeger"]
[Black "merillium"]
[Result "0-1"]
[WhiteElo "2146"]
[BlackElo "2338"]
[TimeControl "180+2"]
[EndTime "15:13:13 PDT"]
[Termination "merillium won by resignation"]

1. e4 c5 2. Nf3 e6 3. d3 Nc6 4. g3 Nf6 5. Bg2 d6 6. O-O Be7 7. c3 O-O 8. d4 Nxe4 9. Bf4 d5 10.
Nbd2 Nxd2 11. Qxd2 cxd4 12. cxd4 Bf6 13. h4 b6 14. h5 h6 15. Rac1 Bb7 16. Rfe1 Rc8 17. Bh3 Na5 18. b3 Qe7 19. Bf5 Rxc1 20. Rxc1 exf5 0-1

[Event "*** MasterClass Titled Tuesday Blitz"]
[Site "Chess.com"]
[Date "2017.07.04"]
[Round "10"]
[White "dhanushbharadwaj"]
[Black "Blitzstream"]
[Result "1/2-1/2"]
[WhiteElo "2360"]
[BlackElo "2440"]
[TimeControl "180+2"]
[EndTime "15:13:17 PDT"]
[Termination "Game drawn by agreement"]

1. Nf3 e6 2. c4 g5 3. Nc3 g4 4.
Nd4 Bg7 5. Nc2 h5 6. e3 c5 7.
d4 Nc6 8. d5 Ne5 9. e4 h4 10.
Bf4 h3 11. Ne3 Qa5 12. Bxe5 Bxe5 13. Qd2 Nf6 14. g3 Bxc3 15. Qxc3 Qxc3+ 16. bxc3 Nxe4 17. Nxg4 d6 18. Bd3 exd5 19. Bxe4 Bxg4 20. Bxd5 O-O-O 21. Kd2 Be6 22. Rae1 Bxd5 23. cxd5 Rde8 24. c4 1/2-1/2

[Event "*** MasterClass Titled Tuesday Blitz"]
[Site "Chess.com"]
[Date "2017.07.04"]
[Round "10"]
[White "Noukii"]
[Black "TregubovP"]
[Result "1/2-1/2"]
[WhiteElo "2588"]
[BlackElo "2448"]
[TimeControl "180+2"]
[EndTime "15:15:10 PDT"]
[Termination "Game drawn by repetition"]

1. d4 Nf6 2. Nf3 c5 3. d5 b5 4. c4 b4 5. a3 g6 6. axb4 cxb4 7. e4 Nxe4 8. Qd4 Nf6 9. Rxa7 Rxa7 10. Qxa7 Na6 11.
Be3 d6 12. Nbd2 Bg7 13. Be2 O-O 14. O-O Nd7 15. Bd4 Ndc5 16. Bxg7 Kxg7 17. Ra1 Qd7 18. Qb6 Bb7 19. Nd4 Rb8 20. Qb5 Bc8 21. Qa5 Ra8 22. Qb6 Rb8 23. Qa5 Ra8 24. Qb6 Rb8 25. Qa5 Ra8 26. Qb6 1/2-1/2

[Event "*** MasterClass Titled Tuesday Blitz"]
[Site "Chess.com"]
[Date "2017.07.04"]
[Round "10"]
[White "KNVB"]
[Black "Elshan1985"]
[Result "0-1"]
[WhiteElo "2474"]
[BlackElo "2637"]
[TimeControl "180+2"]
[EndTime "15:15:17 PDT"]
[Termination "Elshan1985 won on time"]

1. e4 c5 2. Ne2 e6 3. d4 cxd4 4. Nxd4 a6 5. c4 Ne7 6. Nc3 g6 7. Be3 Bg7 8. Be2 O-O 9. O-O d5 10. exd5 exd5 11. cxd5 Nxd5 12. Nxd5 Qxd5 13. Bf3 Qa5 14.
Qb3 Nd7 15. Rfd1 Ne5 16. Be2 Bg4 17. f3 Bd7 18. Bf1 Rfe8 19. Bf2 Ba4 20. Qa3 Bf8 21.
Qe3 Bxd1 22. Rxd1 Qa4 23. Qd2 Qxa2 24. h4 Rad8 25. h5 Nc6 26. hxg6 hxg6 27. Qf4 Bg7 0-1